[Event "FIDE World Senior-50 CC 2023"]
[Site "Terrasini"]
[Date "2023.11.02"]
[Round "8.13"]
[White "Mussanti, Diego"]
[Black "Mohr, Georg"]
[Result "0-1"]
[ECO "B35"]
[WhiteElo "2183"]
[BlackElo "2430"]
[Annotator "ChessBase"]
[PlyCount "154"]
[EventDate "2023.10.22"]
[EventType "swiss"]
[EventCountry "ITA"]
[SourceTitle "playchess.com"]
[Source "ChessBase"]
[SourceQuality "1"]
[TimeControl "40/5400+30:1800+30"]

1. e4 c5 2. Nf3 Nc6 3. d4 cxd4 4. Nxd4 g6 5. Nc3 Bg7 6. Be3 Nf6 7. Bc4 O-O 8. Bb3 Re8 9. f4 d6 10. Qf3 Na5 11. f5 Nxb3 12. axb3 a6 13. O-O-O Qa5 14. Kb1 e6 15. Rhf1 Bd7 16. g4 exf5 17. exf5 Nxg4 18. Bg1 Nf6 19. Qxb7 Rab8 20. Qf3 Rbc8 21. h4 Qd8 22. Nd5 Nxd5 23. Qxd5 Qe7 24. fxg6 hxg6 25. h5 Rc5 26. Qf3 Rxh5 27. Nc6 Qf8 28. Nb4 Rf5 29. Qb7 Rxf1 30. Rxf1 Bh3 31. Rc1 a5 32. Nc6 Bf5 33. Bd4 Be4 34. Bxg7 Kxg7 35. Qb6 Bxc6 36. Qxc6 Rc8 37. Qd5 Rc5 38. Qd4+ Re5 39. Rd1 Qe7 40. Ka2 Qf6 41. Qb6 d5 42. Qxa5 d4 43. Qd2 Rd5 44. Kb1 g5 45. Qh2 Rf5 46. Qe2 Rf4 47. b4 d3 48. Qxd3 Rxb4 49. c3 Rf4 50. Rh1 Rh4 51. Rxh4 gxh4 52. Ka2 Qe6+ 53. c4 Qg4 54. c5 h3 55. Qc3+ f6 56. Qd2 Kf7 57. Qc2 Qg2 58. Qc4+ Ke7 59. c6 h2 60. Qc5+ Kf7 61. Qh5+ Kg7 62. c7 Qa8+ 63. Kb3 Qb7+ 64. Ka3 Qa7+ 65. Kb3 Qxc7 66. Qg4+ Kf8 67. Qb4+ Kf7 68. Qe4 Qb6+ 69. Ka3 Qd6+ 70. b4 Qe5 71. Qh7+ Ke8 72. Qh8+ Ke7 73. Qh7+ Kd8 74. Qd3+ Kc7 75. Qc4+ Kb6 76. Qf1 Qd4 77. Qf3 Qa1+ 0-1

[Event "FIDE World Senior-50 CC 2023"]
[Site "Terrasini"]
[Date "2023.11.02"]
[Round "8.14"]
[White "Chinchilla Miranda, Eugenio"]
[Black "Nadanian, Ashot"]
[Result "0-1"]
[ECO "E39"]
[WhiteElo "2179"]
[BlackElo "2279"]
[Annotator "ChessBase"]
[PlyCount "138"]
[EventDate "2023.10.22"]
[EventType "swiss"]
[EventCountry "ITA"]
[SourceTitle "playchess.com"]
[Source "ChessBase"]
[SourceQuality "1"]
[TimeControl "40/5400+30:1800+30"]

1. d4 Nf6 2. c4 e6 3. Nc3 Bb4 4. Qc2 c5 5. dxc5 O-O 6. a3 Bxc5 7. Nf3 d5 8. Bg5 Be7 9. e3 Nc6 10. Be2 dxc4 11. Bxc4 Qc7 12. Bd3 h6 13. Bh4 Rd8 14. O-O Bd7 15. Rfd1 Be8 16. Rac1 Rac8 17. h3 Qa5 18. Qe2 a6 19. Ne4 Nxe4 20. Bxe4 Bxh4 21. Nxh4 Rxd1+ 22. Rxd1 Qa4 23. Qc2 Qxc2 24. Bxc2 Na5 25. Be4 f5 26. Bb1 Ba4 27. Ba2 Bb3 28. Bxb3 Nxb3 29. Rd7 Nc5 30. Re7 g5 31. Ng6 Ne4 32. f3 Rc1+ 33. Kh2 Nd2 34. h4 Nf1+ 35. Kh3 Nxe3 36. hxg5 f4 37. Kh2 Nf1+ 38. Kh3 Ne3 39. Kh2 hxg5 40. Rxb7 Rc2 41. Ne5 Rxg2+ 42. Kh3 Rg3+ 43. Kh2 Rg2+ 44. Kh3 Rg1 45. Kh2 Re1 46. Nd3 Rd1 47. Ne5 Rd5 48. Nc6 Rd2+ 49. Kh3 g4+ 50. fxg4 f3 51. Ne7+ Kf8 52. Ng6+ Ke8 53. Rb8+ Kd7 54. Ne5+ Kc7 55. Nxf3 Rf2 56. Rf8 Kd6 57. Rf7 Rxb2 58. Ra7 Kd5 59. Rxa6 Rb3 60. Kh4 Ng2+ 61. Kg3 Ne1 62. Ra5+ Kd6 63. Ra6+ Ke7 64. Ra7+ Kf6 65. g5+ Kg6 66. Re7 Rxf3+ 67. Kg4 Re3 68. a4 Re4+ 69. Kg3 Kxg5 0-1

[Event "FIDE World Senior-50 CC 2023"]
[Site "Terrasini"]
[Date "2023.11.02"]
[Round "8.18"]
[White "Dieu, Bruno"]
[Black "Kalisky, Vladimir"]
[Result "0-1"]
[ECO "D00"]
[WhiteElo "2221"]
[BlackElo "2169"]
[Annotator "ChessBase"]
[PlyCount "126"]
[EventDate "2023.10.22"]
[EventType "swiss"]
[EventCountry "ITA"]
[SourceTitle "playchess.com"]
[Source "ChessBase"]
[SourceQuality "1"]
[TimeControl "40/5400+30:1800+30"]

1. d4 d5 2. Nc3 Nf6 3. Bf4 c6 4. e3 Bf5 5. f3 h6 6. g4 Bh7 7. h4 e6 8. Bd3 Bd6 9. Nge2 Bxd3 10. cxd3 Bxf4 11. Nxf4 Nbd7 12. Kf2 e5 13. dxe5 Nxe5 14. d4 Nc4 15. b3 Nd6 16. Qd3 Qa5 17. g5 Qxc3 18. gxf6 Qxd3 19. Nxd3 gxf6 20. Nf4 Ke7 21. Rae1 f5 22. Nd3 Rae8 23. a4 Rhg8 24. Rc1 Rg7 25. Nf4 Reg8 26. Rh2 a6 27. Nh5 Rh7 28. Rg1 Rxg1 29. Kxg1 Ne8 30. Rg2 Rh8 31. a5 Kf8 32. Kf2 Nc7 33. Ng7 f4 34. exf4 Rg8 35. Nf5 Rxg2+ 36. Kxg2 Ne6 37. Kf2 h5 38. Ke3 Ng7 39. Nxg7 Kxg7 40. f5 Kf6 41. Kf4 Ke7 42. Kg5 f6+ 43. Kf4 b6 44. axb6 Kd7 45. Ke3 Kc8 46. Kd3 Kb7 47. Kc3 a5 48. Kc2 Kxb6 49. Kd3 Kb5 50. Kc3 c5 51. dxc5 Kxc5 52. Kd3 d4 53. Ke4 Kb4 54. Kxd4 Kxb3 55. Kd5 a4 56. Ke6 a3 57. Kxf6 a2 58. Kg6 a1=Q 59. f6 Qg1+ 60. Kh7 Qc5 61. Kg8 Qc8+ 62. Kg7 Qc3 63. f4 Kc4 0-1

[Event "FIDE World Senior-50 CC 2023"]
[Site "Terrasini"]
[Date "2023.11.02"]
[Round "8.19"]
[White "Duong, Thanh Nha"]
[Black "Milat, Marcel"]
[Result "1/2-1/2"]
[ECO "A34"]
[WhiteElo "2081"]
[BlackElo "2207"]
[Annotator "ChessBase"]
[PlyCount "175"]
[EventDate "2023.10.22"]
[EventType "swiss"]
[EventCountry "ITA"]
[SourceTitle "playchess.com"]
[Source "ChessBase"]
[SourceQuality "1"]
[TimeControl "40/5400+30:1800+30"]

1. Nf3 Nf6 2. c4 e6 3. Nc3 c5 4. g3 d5 5. d4 cxd4 6. Nb5 a6 7. Nbxd4 dxc4 8. Bg2 e5 9. Nc2 Qxd1+ 10. Kxd1 Nc6 11. Ne3 Be6 12. Nd2 O-O-O 13. Bxc6 bxc6 14. Kc2 c3 15. bxc3 Nd5 16. Nb3 Be7 17. Na5 Kc7 18. Nec4 Bf5+ 19. Kb2 Rb8+ 20. Nb3 f6 21. Re1 Be6 22. Bd2 Nxc3 23. Kxc3 Bb4+ 24. Kc2 Bxc4 25. Bxb4 Rxb4 26. Kc3 Rhb8 27. Nc5 Kd6 28. a3 Kxc5 29. axb4+ Rxb4 30. Reb1 Rb5 31. e3 e4 32. Rd1 Bd3 33. Rxa6 Kd5 34. Ra2 c5 35. Rda1 Bc4 36. Rb2 Rxb2 37. Kxb2 g5 38. Ra7 h5 39. Rh7 Be2 40. Kc3 Kd6 41. Rh8 Kd5 42. Rd8+ Ke6 43. Rc8 Kd6 44. Kb3 Bb5 45. Rb8 Be2 46. Rb6+ Ke7 47. Rc6 c4+ 48. Kc3 Kf7 49. Kd4 Bd3 50. Kd5 h4 51. gxh4 gxh4 52. Rc8 Kg7 53. Ke6 Kg6 54. Rc7 h3 55. Rc5 Be2 56. Kd5 Kf5 57. Rc6 Bd3 58. Kd4 Kg5 59. Rc8 Kg4 60. Rg8+ Kf3 61. Rg3+ Kxf2 62. Rxh3 Kg2 63. Rh8 f5 64. h4 Kh3 65. h5 Kh4 66. h6 Kh5 67. Ke5 Kg6 68. Rc8 Kxh6 69. Kf6 Kh5 70. Kxf5 Kh4 71. Ke5 Kg3 72. Kd4 Kf2 73. Rf8+ Ke2 74. Rh8 c3 75. Rh2+ Kf3 76. Kxc3 Kxe3 77. Rh3+ Kf4 78. Kd4 Kg4 79. Rh8 Kf3 80. Rf8+ Ke2 81. Rf7 Bb1 82. Rb7 Bd3 83. Rb2+ Kf3 84. Rh2 Kg3 85. Rh1 Kf3 86. Kc3 Kf2 87. Kd2 Bf1 88. Rxf1+ 1/2-1/2

[Event "FIDE World Senior-50 CC 2023"]
[Site "Terrasini"]
[Date "2023.11.03"]
[Round "9.1"]
[White "Atalik, Suat"]
[Black "Dlugy, Maxim"]
[Result "1/2-1/2"]
[ECO "B36"]
[WhiteElo "2427"]
[BlackElo "2520"]
[Annotator "RC"]
[PlyCount "20"]
[EventDate "2023.10.22"]
[EventType "swiss"]
[EventCountry "ITA"]
[SourceTitle "playchess.com"]
[Source "ChessBase"]
[SourceQuality "1"]
[TimeControl "40/5400+30:1800+30"]

1. c4 c5 2. Nf3 Nc6 3. d4 cxd4 4. Nxd4 g6 5. e4 Bg7 6. Be3 Nf6 7. Nc3 d6 8. Be2 Nxd4 9. Qxd4 O-O 10. Qd2 Bd7 1/2-1/2

[Event "FIDE World Senior-50 CC 2023"]
[Site "Terrasini"]
[Date "2023.11.03"]
[Round "9.2"]
[White "Stefansson, Hannes"]
[Black "Cabe, Arlan"]
[Result "1-0"]
[ECO "B81"]
[WhiteElo "2529"]
[BlackElo "2303"]
[Annotator "RC"]
[PlyCount "85"]
[EventDate "2023.10.22"]
[EventType "swiss"]
[EventCountry "ITA"]
[SourceTitle "playchess.com"]
[Source "ChessBase"]
[SourceQuality "1"]
[TimeControl "40/5400+30:1800+30"]

1. e4 c5 2. Nf3 e6 3. d4 cxd4 4. Nxd4 Nf6 5. Nc3 d6 6. g4 h6 7. Bg2 a6 8. h4 Nfd7 9. Be3 Nc6 10. Qe2 Qc7 11. O-O-O Na5 12. Kb1 Rb8 13. f4 b5 14. Nd5 exd5 15. exd5 Ne5 16. fxe5 dxe5 17. Nc6 Nxc6 18. dxc6 Be7 19. Bd5 O-O 20. g5 Rd8 21. Bxf7+ Kxf7 22. Qh5+ Kg8 23. gxh6 Bf6 24. Rdg1 Be6 25. hxg7 Qxc6 26. Qh8+ Kf7 27. g8=Q+ Rxg8 28. Qh7+ Bg7 29. Bh6 Bxa2+ 30. Kxa2 Qxh6 31. Qf5+ Bf6 32. Qd7+ Kf8 33. Qd6+ Kf7 34. Qd5+ Ke7 35. Rxg8 Rxg8 36. Qxg8 Qd2 37. Qh7+ Ke6 38. Rf1 Qd5+ 39. Kb1 Qd6 40. h5 Qe7 41. Qf5+ Kf7 42. h6 e4 43. h7 1-0

[Event "FIDE World Senior-50 CC 2023"]
[Site "Terrasini"]
[Date "2023.11.03"]
[Round "9.3"]
[White "Morovic Fernandez, Ivan"]
[Black "Novik, Maxim"]
[Result "1/2-1/2"]
[ECO "E92"]
[WhiteElo "2488"]
[BlackElo "2375"]
[Annotator "RC"]
[PlyCount "54"]
[EventDate "2023.10.22"]
[EventType "swiss"]
[EventCountry "ITA"]
[SourceTitle "playchess.com"]
[Source "ChessBase"]
[SourceQuality "1"]
[TimeControl "40/5400+30:1800+30"]

1. d4 Nf6 2. c4 g6 3. Nc3 Bg7 4. e4 d6 5. Nf3 O-O 6. Be2 e5 7. d5 a5 8. h3 Na6 9. Bg5 h6 10. Be3 Nh5 11. Nd2 Nf4 12. Bf1 Nb4 13. Ndb1 Bd7 14. g3 Nh5 15. a3 Na6 16. Be2 Nf6 17. g4 Nc5 18. Nd2 a4 19. h4 Nh7 20. Qc2 Re8 21. O-O-O Bf6 22. Kb1 Bxh4 23. Nf3 Bf6 24. Rxh6 Bxg4 25. Rdh1 Nf8 26. Qd1 Bg7 27. R6h4 Bh5 1/2-1/2

[Event "FIDE World Senior-50 CC 2023"]
[Site "Terrasini"]
[Date "2023.11.03"]
[Round "9.4"]
[White "Sturua, Zurab"]
[Black "Adams, Michael"]
[Result "1/2-1/2"]
[ECO "C48"]
[WhiteElo "2514"]
[BlackElo "2670"]
[Annotator "RC"]
[PlyCount "92"]
[EventDate "2023.10.22"]
[EventType "swiss"]
[EventCountry "ITA"]
[SourceTitle "playchess.com"]
[Source "ChessBase"]
[SourceQuality "1"]
[TimeControl "40/5400+30:1800+30"]

1. e4 e5 2. Nf3 Nc6 3. Nc3 Nf6 4. Bb5 Bc5 5. Nxe5 Nxe5 6. d4 Bd6 7. f4 Nc6 8. e5 Bb4 9. O-O Bxc3 10. bxc3 Ne4 11. Qg4 g6 12. f5 d5 13. exd6 Bxf5 14. Qf3 O-O 15. dxc7 Qd5 16. g4 Be6 17. Bh6 f5 18. Bxf8 Rxf8 19. Bd3 Ne5 20. Qg2 Nxd3 21. gxf5 Ndf2 22. fxe6 Qxe6 23. d5 Qd7 24. Rxf2 Nxf2 25. d6 Nh3+ 26. Kh1 Qxd6 27. Qxh3 Qxc7 28. Qe6+ Qf7 29. Qxf7+ Kxf7 30. Rd1 Ke6 31. Kg2 Rc8 32. Re1+ Kf6 33. Rf1+ Kg7 34. Rf3 Rc5 35. Rd3 Kh6 36. a3 b6 37. Kf2 Rc7 38. Ke2 Kg5 39. Kd2 Kh4 40. c4 Rxc4 41. Rd7 h5 42. Rxa7 Kh3 43. Ra6 Kxh2 44. Rxb6 g5 45. Rb5 Rg4 46. a4 h4 1/2-1/2

[Event "FIDE World Senior-50 CC 2023"]
[Site "Terrasini"]
[Date "2023.11.03"]
[Round "9.5"]
[White "Minasian, Artashes"]
[Black "Bischoff, Klaus"]
[Result "1/2-1/2"]
[ECO "B51"]
[WhiteElo "2462"]
[BlackElo "2473"]
[Annotator "RC"]
[PlyCount "50"]
[EventDate "2023.10.22"]
[EventType "swiss"]
[EventCountry "ITA"]
[SourceTitle "playchess.com"]
[Source "ChessBase"]
[SourceQuality "1"]
[TimeControl "40/5400+30:1800+30"]

1. e4 c5 2. Nf3 Nc6 3. Bb5 d6 4. O-O Bd7 5. c3 Nf6 6. Re1 a6 7. Bf1 Bg4 8. d3 e6 9. Nbd2 Be7 10. h3 Bh5 11. b3 d5 12. Bb2 Bg6 13. Nh4 Qc7 14. Nxg6 hxg6 15. Nf3 dxe4 16. dxe4 Nd7 17. Qe2 Bf6 18. Qe3 O-O 19. Nh2 Rfd8 20. Ng4 Be7 21. e5 b5 22. c4 bxc4 23. bxc4 Nd4 24. Bxd4 cxd4 25. Qxd4 Nf6 1/2-1/2

[Event "FIDE World Senior-50 CC 2023"]
[Site "Terrasini"]
[Date "2023.11.03"]
[Round "9.6"]
[White "Lima, Darcy"]
[Black "Godena, Michele"]
[Result "0-1"]
[ECO "A20"]
[WhiteElo "2416"]
[BlackElo "2441"]
[Annotator "RC"]
[PlyCount "95"]
[EventDate "2023.10.22"]
[EventType "swiss"]
[EventCountry "ITA"]
[SourceTitle "playchess.com"]
[Source "ChessBase"]
[SourceQuality "1"]
[TimeControl "40/5400+30:1800+30"]

1. c4 e5 2. g3 c6 3. Nf3 e4 4. Nd4 d5 5. cxd5 Qxd5 6. Nc2 Nf6 7. Nc3 Qe5 8. Bg2 Na6 9. Rb1 Be7 10. b4 O-O 11. Bb2 Qf5 12. a3 Re8 13. Ne3 Qg6 14. Qc2 Bf8 15. O-O Nc7 16. Na4 Ncd5 17. Nxd5 Nxd5 18. f4 h5 19. Nc3 h4 20. Nxd5 cxd5 21. Qb3 h3 22. Bh1 Bg4 23. f5 Bxf5 24. Qxd5 Bg4 25. Rbe1 Rad8 26. Qxb7 Rxd2 27. Bc1 Rd7 28. Qb5 Qb6+ 29. Qxb6 axb6 30. Be3 b5 31. Kf2 f5 32. Rc1 Ra8 33. Rc3 Be7 34. Rfc1 Kh7 35. Rc7 Rxc7 36. Rxc7 Bd8 37. Rb7 Bf6 38. Bf3 exf3 39. exf3 Bh5 40. Rxb5 Rxa3 41. g4 Bh4+ 42. Ke2 Ra2+ 43. Kd3 Bf7 44. Rb7 Bg6 45. Bd4 fxg4+ 46. Kc3 gxf3 47. Rxg7+ Kh6 48. Rg8 0-1

[Event "FIDE World Senior-50 CC 2023"]
[Site "Terrasini"]
[Date "2023.11.03"]
[Round "9.7"]
[White "Holzke, Frank"]
[Black "Paschall, William"]
[Result "1/2-1/2"]
[ECO "E16"]
[WhiteElo "2473"]
[BlackElo "2329"]
[Annotator "RC"]
[PlyCount "78"]
[EventDate "2023.10.22"]
[EventType "swiss"]
[EventCountry "ITA"]
[SourceTitle "playchess.com"]
[Source "ChessBase"]
[SourceQuality "1"]
[TimeControl "40/5400+30:1800+30"]

1. d4 Nf6 2. c4 e6 3. Nf3 b6 4. g3 Bb7 5. Bg2 Bb4+ 6. Bd2 c5 7. O-O O-O 8. Bf4 cxd4 9. Nxd4 Bxg2 10. Kxg2 Nc6 11. Nxc6 dxc6 12. Qa4 Qe7 13. a3 Bd6 14. Bxd6 Qxd6 15. Nc3 Rfd8 16. Rfd1 Qc7 17. b4 c5 18. b5 h5 19. Rxd8+ Rxd8 20. Rd1 Rd4 21. e3 Rd7 22. Qc2 Qd8 23. Rxd7 Qxd7 24. h3 g5 25. Kf1 e5 26. Kg2 Kg7 27. f3 e4 28. Nxe4 Nxe4 29. fxe4 g4 30. hxg4 hxg4 31. e5 Qb7+ 32. e4 Qd7 33. Qc3 Kg6 34. Qe3 Qd1 35. Qf2 Kg7 36. Kh2 Kg8 37. Qe3 Qc2+ 38. Kg1 Qxc4 39. Qg5+ Kf8 1/2-1/2

[Event "FIDE World Senior-50 CC 2023"]
[Site "Terrasini"]
[Date "2023.11.03"]
[Round "9.8"]
[White "Degraeve, Jean-Marc"]
[Black "Vlassov, Nikolai"]
[Result "1-0"]
[ECO "B50"]
[WhiteElo "2479"]
[BlackElo "2283"]
[Annotator "RC"]
[PlyCount "81"]
[EventDate "2023.10.22"]
[EventType "swiss"]
[EventCountry "ITA"]
[SourceTitle "playchess.com"]
[Source "ChessBase"]
[SourceQuality "1"]
[TimeControl "40/5400+30:1800+30"]

1. e4 c5 2. Nc3 d6 3. Bc4 Nf6 4. d3 Nc6 5. Nf3 g6 6. h3 Bg7 7. Bf4 e5 8. Bg5 h6 9. Bxf6 Bxf6 10. Nd5 Be6 11. h4 h5 12. Qd2 Rb8 13. a4 Kf8 14. Ng5 Bxg5 15. hxg5 Bxd5 16. Bxd5 Kg7 17. f4 f6 18. O-O Rf8 19. f5 fxg5 20. fxg6 Rf4 21. g3 Rf6 22. Rxf6 Qxf6 23. Rf1 Qxg6 24. Rf7+ Kh8 25. Qf2 g4 26. c3 Qg5 27. Rf5 Qh6 28. Bf7 Qc1+ 29. Kg2 Ne7 30. Rxh5+ Kg7 31. Rh4 Qd1 32. Be6 Qf3+ 33. Qxf3 gxf3+ 34. Kxf3 b5 35. axb5 Rxb5 36. Rh2 Kf6 37. Bc4 Ra5 38. Rh6+ Ng6 39. Rh7 Ra1 40. Kg4 Rb1 41. Rf7# 1-0

[Event "FIDE World Senior-50 CC 2023"]
[Site "Terrasini"]
[Date "2023.11.03"]
[Round "9.9"]
[White "Matamoros Franco, Carlos S."]
[Black "Nadanian, Ashot"]
[Result "1/2-1/2"]
[ECO "E06"]
[WhiteElo "2455"]
[BlackElo "2279"]
[Annotator "RC"]
[PlyCount "108"]
[EventDate "2023.10.22"]
[EventType "swiss"]
[EventCountry "ITA"]
[SourceTitle "playchess.com"]
[Source "ChessBase"]
[SourceQuality "1"]
[TimeControl "40/5400+30:1800+30"]

1. Nf3 d5 2. g3 e6 3. Bg2 Nf6 4. O-O Be7 5. c4 O-O 6. d4 b6 7. cxd5 exd5 8. Nc3 c6 9. Bf4 Re8 10. Re1 Bf8 11. Bg5 h6 12. Bxf6 Qxf6 13. e4 dxe4 14. Ne5 Be6 15. Nxe4 Qd8 16. Nc3 Nd7 17. Nxc6 Qf6 18. d5 Bf5 19. d6 Rac8 20. Nxa7 Rxe1+ 21. Qxe1 Rc5 22. Nab5 Bd3 23. a4 Re5 24. Qd2 Bc4 25. Rc1 Qe6 26. f4 Rh5 27. Re1 Qf6 28. Bf3 Re5 29. fxe5 Qxf3 30. Qf4 Qc6 31. Qd4 Be6 32. Nc7 Bb3 33. N3d5 Kh8 34. Rf1 Nxe5 35. Ne7 Nf3+ 36. Rxf3 Qxf3 37. Nb5 Be6 38. Nc3 Bh3 39. Qf2 Qh5 40. Qxb6 Qe5 41. Kf2 Qf6+ 42. Ke1 Bxe7 43. dxe7 Qxb6 44. e8=Q+ Kh7 45. Qe2 Qg1+ 46. Kd2 f5 47. Kc2 Bf1 48. Qd2 Bg2 49. h4 Be4+ 50. Nxe4 fxe4 51. Qf4 Qd4 52. Qf5+ Kh8 53. Qf8+ Kh7 54. Qf5+ Kh8 1/2-1/2

[Event "FIDE World Senior-50 CC 2023"]
[Site "Terrasini"]
[Date "2023.11.03"]
[Round "9.10"]
[White "Mohr, Georg"]
[Black "Naimanov, Rinat"]
[Result "1-0"]
[ECO "A28"]
[WhiteElo "2430"]
[BlackElo "1377"]
[Annotator "RC"]
[PlyCount "65"]
[EventDate "2023.10.22"]
[EventType "swiss"]
[EventCountry "ITA"]
[SourceTitle "playchess.com"]
[Source "ChessBase"]
[SourceQuality "1"]
[TimeControl "40/5400+30:1800+30"]

1. c4 e5 2. Nc3 Nf6 3. Nf3 Nc6 4. e3 Bb4 5. Qc2 Bxc3 6. Qxc3 e4 7. Nd4 O-O 8. Nxc6 dxc6 9. b3 Re8 10. Bb2 a5 11. Be2 Qe7 12. a3 Qf8 13. O-O Bf5 14. f3 Re6 15. Rf2 h5 16. Raf1 Bg6 17. Bd1 h4 18. Bc2 exf3 19. Bxg6 fxg6 20. gxf3 h3 21. Kh1 Nh5 22. Qd4 Qf6 23. Qg4 Qf5 24. Rg1 Rae8 25. Bc3 b6 26. Qh4 c5 27. Rff1 Kf7 28. Rg5 Qd3 29. Rfg1 Qe2 30. Qxh3 a4 31. Rxh5 axb3 32. Rh7 Rg8 33. Qf1 1-0

[Event "FIDE World Senior-50 CC 2023"]
[Site "Terrasini"]
[Date "2023.11.03"]
[Round "9.11"]
[White "Boulard, Eric"]
[Black "Mrva, Martin"]
[Result "0-1"]
[ECO "A16"]
[WhiteElo "2181"]
[BlackElo "2366"]
[Annotator "RC"]
[PlyCount "84"]
[EventDate "2023.10.22"]
[EventType "swiss"]
[EventCountry "ITA"]
[SourceTitle "playchess.com"]
[Source "ChessBase"]
[SourceQuality "1"]
[TimeControl "40/5400+30:1800+30"]

1. c4 Nf6 2. Nc3 d5 3. cxd5 Nxd5 4. g3 Nxc3 5. bxc3 Bd7 6. Bg2 Bc6 7. Nf3 e6 8. O-O Be7 9. Re1 Nd7 10. e4 Bb5 11. d4 O-O 12. Be3 c5 13. Nd2 e5 14. f4 exf4 15. Bxf4 Qa5 16. Qf3 cxd4 17. cxd4 Bb4 18. Nb3 Qb6 19. Red1 Rac8 20. Rac1 Qa6 21. Qf2 Nf6 22. Nc5 Bxc5 23. dxc5 Bc6 24. Bd6 Rfe8 25. Rf1 Bxe4 26. Bxe4 Rxe4 27. Rce1 Rce8 28. Rxe4 Rxe4 29. Qf5 Qc6 30. Qf3 Qd5 31. Qf2 Ng4 32. Qf5 Qxf5 33. Rxf5 Re1+ 34. Rf1 Rxf1+ 35. Kxf1 Nxh2+ 36. Kg2 Ng4 37. Kf3 f5 38. Ke2 Kf7 39. Kd3 Ke6 40. Kc4 Ne5+ 41. Kb5 g5 42. Bf8 h5 0-1

[Event "FIDE World Senior-50 CC 2023"]
[Site "Terrasini"]
[Date "2023.11.03"]
[Round "9.12"]
[White "Kalisky, Vladimir"]
[Black "Vinter-Schou, Uffe"]
[Result "0-1"]
[ECO "A29"]
[WhiteElo "2169"]
[BlackElo "2345"]
[Annotator "RC"]
[PlyCount "77"]
[EventDate "2023.10.22"]
[EventType "swiss"]
[EventCountry "ITA"]
[SourceTitle "playchess.com"]
[Source "ChessBase"]
[SourceQuality "1"]
[TimeControl "40/5400+30:1800+30"]

1. c4 e5 2. Nc3 Nf6 3. Nf3 Nc6 4. g3 d5 5. cxd5 Nxd5 6. Bg2 Nb6 7. O-O Be7 8. b3 O-O 9. Bb2 Be6 10. Rc1 f5 11. d3 Bf6 12. Qc2 Qd7 13. Rfd1 Rad8 14. Qb1 g5 15. Nd2 g4 16. Qa1 Qg7 17. Nc4 Nd4 18. Nd2 e4 19. Bf1 exd3 20. exd3 Nd7 21. Re1 Ne5 22. Kh1 Qh6 23. Re3 Nef3 24. Nxf3 Nxf3 25. h3 Bg5 26. Rce1 Nxe1 27. Qxe1 Bxe3 28. fxe3 gxh3 29. Kh2 Rd7 30. Nd1 Kf7 31. Be2 Ke8 32. Qa5 a6 33. Qc5 Bd5 34. Ba3 Rg8 35. Qd4 Qg7 36. Qf4 Qg6 37. Nc3 Bc6 38. Qh4 Qg5 39. Nb1 0-1

[Event "FIDE World Senior-50 CC 2023"]
[Site "Terrasini"]
[Date "2023.11.03"]
[Round "9.13"]
[White "Cummings, David H."]
[Black "Plotkin, Victor"]
[Result "1-0"]
[ECO "A13"]
[WhiteElo "2325"]
[BlackElo "2229"]
[Annotator "RC"]
[PlyCount "107"]
[EventDate "2023.10.22"]
[EventType "swiss"]
[EventCountry "ITA"]
[SourceTitle "playchess.com"]
[Source "ChessBase"]
[SourceQuality "1"]
[TimeControl "40/5400+30:1800+30"]

1. Nf3 d5 2. e3 Nf6 3. c4 e6 4. Nc3 Be7 5. b3 O-O 6. Bb2 c5 7. cxd5 Nxd5 8. Qc2 Nb4 9. Qb1 Nd7 10. a3 Nd5 11. Bd3 h6 12. h4 Nxc3 13. dxc3 b6 14. Qc2 Bb7 15. O-O-O Qc7 16. Bh7+ Kh8 17. Ng5 Nf6 18. c4 e5 19. Bf5 Rad8 20. Rxd8 Bxd8 21. f3 Qe7 22. g4 Bc7 23. Ne4 Nxe4 24. Bxe4 Bc8 25. g5 h5 26. Rg1 a6 27. Qe2 g6 28. f4 Bg4 29. Qc2 Qe6 30. Rf1 f5 31. Bd5 Qe7 32. Qc3 Re8 33. Bc6 Rd8 34. fxe5 Kh7 35. Bd5 b5 36. e6 bxc4 37. bxc4 Rb8 38. Qf6 Bd6 39. Qxe7+ Bxe7 40. Bf6 Bd6 41. e7 Re8 42. Bc6 Rxe7 43. Bxe7 Bxe7 44. Bf3 Bd6 45. Bxg4 hxg4 46. Kd2 Bg3 47. Ke2 Kg7 48. Rh1 Kf7 49. Kf1 Ke6 50. Kg2 Bc7 51. Rb1 Ke5 52. Rb7 Bd8 53. Rd7 Ba5 54. Re7+ 1-0

[Event "FIDE World Senior-50 CC 2023"]
[Site "Terrasini"]
[Date "2023.11.03"]
[Round "9.14"]
[White "Maier, Christian"]
[Black "Stets, Vasyl"]
[Result "0-1"]
[ECO "B51"]
[WhiteElo "2278"]
[BlackElo "2169"]
[Annotator "RC"]
[PlyCount "76"]
[EventDate "2023.10.22"]
[EventType "swiss"]
[EventCountry "ITA"]
[SourceTitle "playchess.com"]
[Source "ChessBase"]
[SourceQuality "1"]
[TimeControl "40/5400+30:1800+30"]

1. e4 c5 2. Nf3 Nc6 3. Bb5 d6 4. O-O Bd7 5. c3 Nf6 6. Re1 a6 7. Bxc6 Bxc6 8. d4 Bxe4 9. Bg5 Bc6 10. Bxf6 gxf6 11. d5 Bd7 12. Nbd2 e5 13. dxe6 Bxe6 14. Qa4+ Qd7 15. Qf4 O-O-O 16. Ne4 Be7 17. b4 Rhg8 18. bxc5 dxc5 19. Nxf6 Bxf6 20. Qxf6 Qc6 21. g3 Bd5 22. Qf5+ Qd7 23. Nh4 Kb8 24. Qf4+ Ka8 25. Rad1 Rge8 26. Re5 Qc6 27. Rxe8 Rxe8 28. c4 Be6 29. Nf5 Qa4 30. Rc1 Rd8 31. Ne3 Qxa2 32. Qh4 Rd2 33. Rf1 Ka7 34. Qxh7 Bxc4 35. Rc1 Be6 36. Qh5 Qa3 37. Rb1 Qc3 38. Qh7 Qd3 0-1

[Event "FIDE World Senior-50 CC 2023"]
[Site "Terrasini"]
[Date "2023.11.03"]
[Round "9.15"]
[White "Prasad, Devaki V"]
[Black "Jhunjhnuwala, Krishan"]
[Result "1-0"]
[ECO "B33"]
[WhiteElo "2200"]
[BlackElo "2268"]
[Annotator "RC"]
[PlyCount "163"]
[EventDate "2023.10.22"]
[EventType "swiss"]
[EventCountry "ITA"]
[SourceTitle "playchess.com"]
[Source "ChessBase"]
[SourceQuality "1"]
[TimeControl "40/5400+30:1800+30"]

1. e4 c5 2. Nf3 Nc6 3. d4 cxd4 4. Nxd4 Nf6 5. Nc3 e5 6. Ndb5 d6 7. Bg5 a6 8. Na3 b5 9. Nab1 Be7 10. Bxf6 Bxf6 11. a4 b4 12. Nd5 Bg5 13. Bc4 O-O 14. O-O Kh8 15. c3 bxc3 16. Nbxc3 f5 17. exf5 Bxf5 18. Bd3 Rb8 19. Bxf5 Rxf5 20. Qd3 Qf8 21. Qxa6 Rxb2 22. f4 Nb8 23. Qd3 exf4 24. a5 f3 25. Rxf3 Rxf3 26. Qxf3 Qxf3 27. gxf3 Bh4 28. Ne4 Na6 29. Rc1 h6 30. Rc6 Nc5 31. a6 Ra2 32. Nb4 Ra1+ 33. Kg2 Kh7 34. Nxd6 Ne6 35. f4 Ra3 36. Nd5 Nd4 37. Rb6 Ra2+ 38. Kh3 Bf2 39. Nc3 Ra3 40. Kg2 Be1 41. Ndb5 Nxb5 42. Nxb5 Ra2+ 43. Kf3 Bf2 44. Rc6 Bg1 45. h3 Ra5 46. Nd6 Ra3+ 47. Kg2 Bd4 48. Nb5 Ra2+ 49. Kf3 Bg1 50. Ke4 Ra4+ 51. Kf3 Ra5 52. Nd6 Ra3+ 53. Kg2 Bd4 54. Nc4 Ra2+ 55. Kf3 Rh2 56. Ke4 Bg1 57. Ne5 Rxh3 58. Nf3 Bf2 59. Rc2 Bb6 60. Rb2 Bc5 61. Ra2 Ba7 62. Ne5 Rc3 63. Kd5 Rc7 64. Nc6 Kg6 65. Kd6 Rxc6+ 66. Kxc6 Kf5 67. Kb7 Be3 68. Rb2 h5 69. Rb6 Bxb6 70. Kxb6 Kxf4 71. a7 g5 72. a8=Q h4 73. Qg2 g4 74. Qh2+ Kg5 75. Kc5 g3 76. Qh3 Kf4 77. Qxh4+ Kf3 78. Kd4 g2 79. Qe1 Kg4 80. Ke3 Kh3 81. Kf3 Kh2 82. Qg3+ 1-0